[Event "BL 2013-2014"]
[Site "Germany"]
[Date "2013.11.24"]
[Round "4.1"]
[White "Ragger, Markus"]
[Black "Graf, Felix"]
[Result "1/2-1/2"]
[ECO "A40"]
[WhiteElo "2672"]
[BlackElo "2485"]
[PlyCount "45"]
[EventDate "2013.??.??"]
[EventCountry "GER"]
[WhiteTeam "SG Solingen"]
[BlackTeam "Bayern München"]
[TimeControl "40/6000+30:20/3000+30:900+30"]

1. d4 e6 2. c4 b6 3. e4 Bb7 4. Bd3 Bb4+ 5. Bd2 Bxd2+ 6. Qxd2 Nh6 7. Nf3 f6 8.
Nc3 Nf7 9. O-O Nc6 10. Rfe1 Ng5 11. Nxg5 fxg5 12. Ne2 Qf6 13. e5 Qh6 14. Be4
O-O 15. Nc3 Rf4 16. g3 Rf7 17. Kg2 Raf8 18. Re2 Qh5 19. Rh1 Na5 20. Bxb7 Nxb7
21. h4 Qf3+ 22. Kg1 g4 23. Ne4 1/2-1/2

[Event "BL 2013-2014"]
[Site "Germany"]
[Date "2013.11.24"]
[Round "4.1"]
[White "Rapport, Richard"]
[Black "Piorun, Kacper"]
[Result "1-0"]
[ECO "D11"]
[WhiteElo "2680"]
[BlackElo "2555"]
[PlyCount "129"]
[EventDate "2013.??.??"]
[EventCountry "GER"]
[WhiteTeam "SV 1930 Hockenheim"]
[BlackTeam "SV Griesheim"]
[TimeControl "40/6000+30:20/3000+30:900+30"]

1. b3 d5 2. Bb2 Nf6 3. Nf3 c6 4. g3 Bg4 5. Bg2 Nbd7 6. d4 e6 7. Nbd2 Bd6 8. c4
O-O 9. O-O Qe7 10. Re1 Ba3 11. Qc1 Bxb2 12. Qxb2 a5 13. a3 Bxf3 14. Bxf3 h6 15.
Bg2 Rfd8 16. e3 Ne8 17. e4 dxe4 18. Nxe4 Nd6 19. Nc3 Qf6 20. Rad1 e5 21. d5 c5
22. Ne4 Nxe4 23. Rxe4 Qg6 24. Re2 Ra6 25. Qc3 Rf8 26. d6 Rxd6 27. Rxd6 Qxd6 28.
Bxb7 Rb8 29. Bd5 Nf6 30. Rd2 Qb6 31. Qxe5 Qxb3 32. Qc7 Nxd5 33. cxd5 c4 34. Kg2
c3 35. Rd3 Qb1 36. Qxc3 a4 37. Rd4 Re8 38. d6 Qb7+ 39. Qf3 Qd7 40. Qd5 Re6 41.
h4 h5 42. Rxa4 Rxd6 43. Ra8+ Kh7 44. Qxh5+ Rh6 45. Qf3 Rf6 46. Qh5+ Rh6 47. Qf3
Rf6 48. Qe4+ g6 49. Re8 Qa7 50. Qe3 Qb7+ 51. Kg1 Rb6 52. Qe4 Rb1+ 53. Kg2 Qb5
54. Kh3 Qf1+ 55. Qg2 Qa6 56. Qf3 Qf1+ 57. Kg4 Qc4+ 58. Qf4 Qd5 59. Qe5 Qd1+ 60.
f3 Qd7+ 61. Kg5 f6+ 62. Kxf6 Qg7+ 63. Kg5 Rb5 64. Qxb5 Qe5+ 65. Rxe5 1-0

[Event "BL 2013-2014"]
[Site "Germany"]
[Date "2013.11.24"]
[Round "4.7"]
[White "Rau, Hannes"]
[Black "Nothnagel, Holger"]
[Result "1/2-1/2"]
[ECO "A58"]
[WhiteElo "2460"]
[BlackElo "2303"]
[PlyCount "120"]
[EventDate "2013.??.??"]
[EventCountry "GER"]
[WhiteTeam "SV 1930 Hockenheim"]
[BlackTeam "SV Griesheim"]
[TimeControl "40/6000+30:20/3000+30:900+30"]

1. d4 c5 2. d5 Nf6 3. c4 b5 4. cxb5 a6 5. bxa6 g6 6. Nc3 Bxa6 7. g3 d6 8. Bg2
Bg7 9. Nf3 Nbd7 10. O-O O-O 11. Qc2 Ra7 12. Rd1 Qa8 13. b3 Rb8 14. Bb2 Rc7 15.
e3 Qb7 16. Rab1 Qc8 17. Ba1 Rcb7 18. h3 h6 19. Kh2 Ra7 20. Bf1 Bxf1 21. Rxf1
Qa6 22. a4 Rab7 23. Nd2 Ne5 24. f4 Neg4+ 25. hxg4 Nxg4+ 26. Kg1 Nxe3 27. Qe4
Nxf1 28. Rxf1 Rb4 29. Qf3 Rd4 30. Qg2 Qd3 31. Rf2 Rdb4 32. Qf3 Rd4 33. Qg2 Rdb4
34. Rf3 Qc2 35. Kh2 Rd4 36. Rf2 Qc1 37. Ndb1 Rd3 38. Rc2 Qe3 39. Re2 Qd4 40.
Rxe7 Rxb3 41. Re4 Qf6 42. Qe2 Rxd5 43. Nxd5 Qxa1 44. Nd2 Rb2 45. Qg2 Bd4 46.
Re2 Qxa4 47. f5 Be5 48. Qf3 Qh4+ 49. Kg2 Qg5 50. Ne4 Rxe2+ 51. Qxe2 Qd8 52. Qf3
Kg7 53. f6+ Kh7 54. Qb3 Qa8 55. Kh2 Qc8 56. Ne7 c4 57. Qb5 Qg4 58. Qd5 Bxg3+
59. Nxg3 Qh4+ 60. Kg2 Qxf6 1/2-1/2

[Event "BL 2013-2014"]
[Site "Germany"]
[Date "2013.11.24"]
[Round "4.4"]
[White "Rodshtein, Maxim"]
[Black "Cyborowski, Lukasz"]
[Result "1-0"]
[ECO "C42"]
[WhiteElo "2681"]
[BlackElo "2526"]
[PlyCount "71"]
[EventDate "2013.??.??"]
[EventCountry "GER"]
[WhiteTeam "SC Eppingen"]
[BlackTeam "SG Trier 1877"]
[TimeControl "40/6000+30:20/3000+30:900+30"]

1. e4 e5 2. Nf3 Nf6 3. Nxe5 d6 4. Nf3 Nxe4 5. Nc3 Nxc3 6. dxc3 Be7 7. Be3 Nc6
8. Qd2 Be6 9. O-O-O Qd7 10. h4 Bf6 11. Kb1 O-O-O 12. Nd4 Bxd4 13. cxd4 d5 14.
h5 h6 15. f3 f6 16. Bf4 Bf5 17. b3 Bh7 18. Kb2 Rhe8 19. Qc3 Kb8 20. g3 Qe7 21.
Bb5 Qd7 22. Rhe1 a6 23. Bf1 Rxe1 24. Rxe1 Re8 25. Rxe8+ Qxe8 26. Qc5 Qe7 27.
Qxd5 Nb4 28. Qc5 Qxc5 29. dxc5 Nxc2 30. Kc3 Kc8 31. Bc1 Kd7 32. Be2 Kc6 33. Bd1
Ne1 34. Bd2 Ng2 35. Kd4 Bf5 36. f4 {Kd5+ Ke4+} 1-0

[Event "BL 2013-2014"]
[Site "Germany"]
[Date "2013.11.24"]
[Round "4.2"]
[White "Romanov, Evgeny"]
[Black "Landa, Konstantin"]
[Result "1/2-1/2"]
[ECO "E16"]
[WhiteElo "2653"]
[BlackElo "2638"]
[PlyCount "81"]
[EventDate "2013.??.??"]
[EventCountry "GER"]
[WhiteTeam "SF Katernberg"]
[BlackTeam "SV Mülheim-Nord"]
[TimeControl "40/6000+30:20/3000+30:900+30"]

1. d4 d5 2. Nf3 Nf6 3. c4 e6 4. g3 Bb4+ 5. Nbd2 O-O 6. Bg2 b6 7. O-O Bb7 8. Ne5
Re8 9. Qa4 Bd6 10. Ndf3 Ne4 11. Bf4 f6 12. Nd3 Qd7 13. Qc2 dxc4 14. Qxc4 Bd5
15. Qc2 Nc6 16. Bxd6 cxd6 17. Nf4 Nb4 18. Qb1 Bb7 19. a3 Na6 20. Rd1 d5 21. Nd2
Nd6 22. b4 Rac8 23. a4 Nc4 24. b5 Nxd2 25. Rxd2 Nc7 26. h4 Re7 27. Rc2 Ne8 28.
Rxc8 Qxc8 29. e4 dxe4 30. Bxe4 Bxe4 31. Qxe4 Nd6 32. Qc6 Qxc6 33. bxc6 Kf7 34.
d5 exd5 35. Nxd5 Re6 36. Nc7 Re7 37. Nb5 Nc8 38. Rd1 a6 39. Nc3 Na7 40. Nd5 Re6
41. Nf4 1/2-1/2

[Event "BL 2013-2014"]
[Site "Germany"]
[Date "2013.11.24"]
[Round "4.2"]
[White "Schenk, Andreas"]
[Black "L'Ami, Erwin"]
[Result "1/2-1/2"]
[ECO "E15"]
[WhiteElo "2486"]
[BlackElo "2648"]
[PlyCount "41"]
[EventDate "2013.??.??"]
[EventCountry "GER"]
[WhiteTeam "Bayern München"]
[BlackTeam "SG Solingen"]
[TimeControl "40/6000+30:20/3000+30:900+30"]

1. d4 Nf6 2. c4 e6 3. Nf3 b6 4. g3 Ba6 5. Nbd2 d5 6. Bg2 Be7 7. O-O O-O 8. b3
Nbd7 9. Ne5 Bb7 10. Bb2 c5 11. Rc1 Rc8 12. cxd5 Bxd5 13. Bxd5 Nxd5 14. Ndc4
Nxe5 15. Nxe5 f6 16. Nf3 Nb4 17. a3 Nc6 18. dxc5 bxc5 19. Qc2 Qb6 20. Rfd1 Rfd8
21. Rxd8+ 1/2-1/2

[Event "BL 2013-2014"]
[Site "Germany"]
[Date "2013.11.24"]
[Round "4.4"]
[White "Schneider, Ilja"]
[Black "Hracek, Zbynek"]
[Result "1/2-1/2"]
[ECO "B22"]
[WhiteElo "2510"]
[BlackElo "2638"]
[PlyCount "41"]
[EventDate "2013.??.??"]
[EventCountry "GER"]
[WhiteTeam "SF Berlin 1903"]
[BlackTeam "Werder Bremen"]
[TimeControl "40/6000+30:20/3000+30:900+30"]

1. e4 c5 2. c3 Nf6 3. e5 Nd5 4. Nf3 Nc6 5. Bc4 e6 6. d4 cxd4 7. cxd4 d6 8. O-O
Be7 9. exd6 Qxd6 10. Nc3 O-O 11. Re1 Rd8 12. Bg5 Nxc3 13. bxc3 Bxg5 14. Nxg5 h6
15. Ne4 Qc7 16. Bb3 b6 17. Qh5 Ne7 18. Rad1 Bb7 19. c4 Bxe4 20. Rxe4 Nf5 21. d5
1/2-1/2

[Event "BL 2013-2014"]
[Site "Germany"]
[Date "2013.11.24"]
[Round "4.8"]
[White "Scholz, Christian"]
[Black "Saltaev, Mihail"]
[Result "0-1"]
[ECO "D94"]
[WhiteElo "2379"]
[BlackElo "2480"]
[PlyCount "156"]
[EventDate "2013.??.??"]
[EventCountry "GER"]
[WhiteTeam "SF Katernberg"]
[BlackTeam "SV Mülheim-Nord"]
[TimeControl "40/6000+30:20/3000+30:900+30"]

1. d4 d5 2. c4 c6 3. Nc3 Nf6 4. e3 g6 5. Nf3 Bg7 6. Be2 O-O 7. O-O e6 8. Qc2
Re8 9. Rd1 Nbd7 10. e4 dxe4 11. Nxe4 Nxe4 12. Qxe4 f5 13. Qf4 Qe7 14. c5 e5 15.
Bc4+ Kh8 16. Qd2 exd4 17. b4 Ne5 18. Nxe5 Qxe5 19. Bb2 Be6 20. Re1 Qf6 21. Rxe6
Rxe6 22. Bxe6 Qxe6 23. Bxd4 Re8 24. Bxg7+ Kxg7 25. g3 Qe2 26. Qd7+ Re7 27. Qd8
Re8 28. Qd7+ Re7 29. Qd6 Kf7 30. a3 Qb2 31. Rd1 Qxa3 32. Qf4 Qc3 33. h4 Re1+
34. Rxe1 Qxe1+ 35. Kh2 Qe7 36. Qb8 a6 37. Qh8 Ke6 38. f4 Kd5 39. Qc3 Qe2+ 40.
Kh3 Qf1+ 41. Kh2 Ke4 42. Qb3 Qd3 43. Qb2 Ke3 44. Qa1 Qd2+ 45. Kh3 h5 46. Qg1+
Ke2 47. Qg2+ Kd1 48. Qf1+ Qe1 49. Qd3+ Kc1 50. Qc4+ Kb2 51. Qd4+ Kb3 52. Kh2
Qe2+ 53. Kh3 Qe4 54. Qg1 Kxb4 55. Kh2 a5 56. Qc1 Kb3 57. Qa1 Qc2+ 58. Kh3 a4
59. Qg7 Qxc5 60. Qxb7+ Qb5 61. Qg7 a3 62. Qa1 Qd3 63. Qg1 a2 64. Qb6+ Ka3 65.
Qa5+ Kb3 66. Qb6+ Qb5 67. Qe3+ Kc2 68. Qf2+ Kd1 69. Qd4+ Ke2 70. Qa1 Qb1 71.
Qe5+ Kf1 72. Qc3 a1=Q 73. Qf3+ Ke1 74. Qe3+ Kd1 75. Qf3+ Kd2 76. Qf2+ Kd3 77.
Qf3+ Kd4 78. Qf2+ Kd5 0-1

[Event "BL 2013-2014"]
[Site "Germany"]
[Date "2013.11.24"]
[Round "4.8"]
[White "Singer, Christoph"]
[Black "Schaefer, Markus"]
[Result "1/2-1/2"]
[ECO "C09"]
[WhiteElo "2353"]
[BlackElo "2394"]
[PlyCount "129"]
[EventDate "2013.??.??"]
[EventCountry "GER"]
[WhiteTeam "Bayern München"]
[BlackTeam "SG Solingen"]
[TimeControl "40/6000+30:20/3000+30:900+30"]

1. e4 c5 2. Nf3 e6 3. c3 d5 4. exd5 exd5 5. d4 Nc6 6. Bb5 Bd6 7. O-O Nge7 8.
dxc5 Bxc5 9. Nbd2 O-O 10. Nb3 Bd6 11. Bg5 Qc7 12. Re1 Bg4 13. h3 Bh5 14. Bxe7
Nxe7 15. Be2 a6 16. Nfd4 Bg6 17. Bd3 Rad8 18. Qf3 Nc6 19. Nxc6 Qxc6 20. Re2 Bb8
21. Rae1 Qd6 22. g3 Ba7 23. Kg2 Bxd3 24. Qxd3 g6 25. Nd4 Rd7 26. h4 Qf6 27. Re5
Bb8 28. Re8 Ba7 29. Qe3 Rd8 30. Re7 Bxd4 31. Qxd4 Qxd4 32. cxd4 Rc8 33. R1e5 b5
34. Ra7 Rc2 35. Rxa6 Rxb2 36. Rxd5 Rc8 37. Rd7 b4 38. Raa7 Rf8 39. Rdb7 h5 40.
Ra4 Re8 41. Rbxb4 Rd2 42. Rb3 Ree2 43. Rf3 Rxa2 44. Rxa2 Rxa2 45. Rd3 Kf8 46.
Kf3 Ke7 47. Ke3 Kd6 48. Rb3 Ra7 49. Rb6+ Kd5 50. Rb5+ Kd6 51. Ke4 Re7+ 52. Re5
Ra7 53. Rd5+ Kc6 54. Rc5+ Kd6 55. Rb5 Re7+ 56. Kf4 Re2 57. f3 Rd2 58. Ke3 Rg2
59. Rb6+ Ke7 60. Kf4 Rd2 61. Ke5 Re2+ 62. Kf4 Rd2 63. Rb4 Kf6 64. Rb6+ Ke7 65.
Rb4 1/2-1/2

[Event "BL 2013-2014"]
[Site "Germany"]
[Date "2013.11.24"]
[Round "4.3"]
[White "Stellwagen, Daniel"]
[Black "Belezky, Alexander"]
[Result "1-0"]
[ECO "C83"]
[WhiteElo "2604"]
[BlackElo "2457"]
[PlyCount "45"]
[EventDate "2013.??.??"]
[EventCountry "GER"]
[WhiteTeam "SG Solingen"]
[BlackTeam "Bayern München"]
[TimeControl "40/6000+30:20/3000+30:900+30"]

1. e4 e5 2. Nf3 Nc6 3. Bb5 a6 4. Ba4 Nf6 5. O-O Nxe4 6. d4 b5 7. Bb3 d5 8. dxe5
Be6 9. Nbd2 Nc5 10. c3 Be7 11. Bc2 d4 12. Nb3 d3 13. Bb1 Nxb3 14. axb3 Bf5 15.
Be3 Qd5 16. Nd4 Nxd4 17. cxd4 c5 18. Bxd3 Bxd3 19. Qxd3 cxd4 20. Qxd4 Qxb3 21.
Qg4 Qxb2 22. Qxg7 Rf8 23. Qh6 1-0

[Event "BL 2013-2014"]
[Site "Germany"]
[Date "2013.11.24"]
[Round "4.2"]
[White "Stern, Rene"]
[Black "Van Kampen, Robin"]
[Result "1/2-1/2"]
[ECO "E11"]
[WhiteElo "2515"]
[BlackElo "2618"]
[PlyCount "98"]
[EventDate "2013.??.??"]
[EventCountry "GER"]
[WhiteTeam "SK König Tegel"]
[BlackTeam "Hamburger SK"]
[TimeControl "40/6000+30:20/3000+30:900+30"]

1. d4 Nf6 2. c4 e6 3. Nc3 Bb4 4. Bd2 O-O 5. Nf3 c5 6. dxc5 Bxc5 7. g3 d5 8.
cxd5 exd5 9. Bg2 h6 10. O-O a6 11. Na4 Ba7 12. Bb4 Re8 13. Bc5 Bxc5 14. Nxc5
Nc6 15. Rc1 Qb6 16. Na4 Qa7 17. e3 Bg4 18. h3 Bxf3 19. Bxf3 Rad8 20. Qc2 Ne5
21. Bg2 b5 22. Nc3 d4 23. exd4 Rxd4 24. Rfd1 g6 25. Rxd4 Qxd4 26. Rd1 Qc5 27.
Qc1 Kg7 28. Nd5 Qxc1 29. Rxc1 Nd3 30. Nxf6 Kxf6 31. Rc3 Re1+ 32. Kh2 Nxb2 33.
Bd5 Re5 34. Bb3 a5 35. Rc6+ Kg7 36. Rc7 Rf5 37. f4 Kf8 38. Rc8+ Ke7 39. Rc7+
Kf8 40. Rc8+ Ke7 41. Rc7+ Ke8 42. Rc8+ Kd7 43. Rc2 Na4 44. Bxa4 bxa4 45. Rc4
Rd5 46. Rxa4 Kc6 47. g4 f5 48. Ra3 Kb5 49. Kg3 Kc4 1/2-1/2

[Event "BL 2013-2014"]
[Site "Germany"]
[Date "2013.11.24"]
[Round "4.1"]
[White "Svidler, Peter"]
[Black "Maze, Sebastien"]
[Result "1-0"]
[ECO "A78"]
[WhiteElo "2752"]
[BlackElo "2544"]
[PlyCount "65"]
[EventDate "2013.??.??"]
[EventCountry "GER"]
[WhiteTeam "OSG Baden-Baden"]
[BlackTeam "SC Viernheim"]
[TimeControl "40/6000+30:20/3000+30:900+30"]

1. d4 Nf6 2. c4 c5 3. d5 e6 4. Nc3 exd5 5. cxd5 d6 6. Nf3 g6 7. Nd2 Bg7 8. e4
O-O 9. Be2 Na6 10. O-O Nc7 11. a4 b6 12. Re1 Re8 13. h3 Rb8 14. Bb5 Re7 15. Bf1
Nfe8 16. Nf3 Na6 17. e5 dxe5 18. Ne4 h6 19. d6 Rd7 20. Bb5 Nb4 21. Bd2 Bb7 22.
Bxd7 Qxd7 23. Bxb4 cxb4 24. Qb3 a5 25. Rad1 Bc6 26. Rd2 Bxa4 27. Qd5 Bc6 28.
Nxe5 Bxd5 29. Nxd7 Rd8 30. Nxb6 Bxe4 31. Rxe4 Nxd6 32. Re1 Bf8 33. b3 1-0

[Event "BL 2013-2014"]
[Site "Germany"]
[Date "2013.11.24"]
[Round "4.2"]
[White "Tazbir, Marcin"]
[Black "Buhmann, Rainer"]
[Result "1/2-1/2"]
[ECO "D31"]
[WhiteElo "2555"]
[BlackElo "2562"]
[PlyCount "41"]
[EventDate "2013.??.??"]
[EventCountry "GER"]
[WhiteTeam "SV Griesheim"]
[BlackTeam "SV 1930 Hockenheim"]
[TimeControl "40/6000+30:20/3000+30:900+30"]

1. c4 e6 2. Nc3 d5 3. cxd5 exd5 4. d4 c6 5. Bf4 Bd6 6. Bxd6 Qxd6 7. e3 Ne7 8.
Bd3 Bf5 9. Nge2 Nd7 10. f3 Bxd3 11. Qxd3 Qg6 12. Nf4 Qxd3 13. Nxd3 O-O 14. Kf2
a5 15. Na4 Nf5 16. Rhe1 Rfe8 17. g4 Nd6 18. h3 Re7 19. Re2 Rae8 20. Rae1 f6 21.
b3 1/2-1/2

[Event "BL 2013-2014"]
[Site "Germany"]
[Date "2013.11.24"]
[Round "4.8"]
[White "Thiede, Lars"]
[Black "Lichmann, Peter"]
[Result "0-1"]
[ECO "A24"]
[WhiteElo "2452"]
[BlackElo "2314"]
[PlyCount "80"]
[EventDate "2013.??.??"]
[EventCountry "GER"]
[WhiteTeam "SF Berlin 1903"]
[BlackTeam "Werder Bremen"]
[TimeControl "40/6000+30:20/3000+30:900+30"]

1. c4 Nf6 2. g3 g6 3. Bg2 Bg7 4. Nc3 d6 5. e4 O-O 6. Nge2 e5 7. O-O Be6 8. d3
Qd7 9. f4 exf4 10. Nxf4 Nc6 11. h3 h6 12. Be3 g5 13. Nxe6 fxe6 14. d4 Qe7 15.
g4 Nd7 16. Qd2 Rxf1+ 17. Rxf1 Rf8 18. Rxf8+ Nxf8 19. e5 dxe5 20. Bxc6 bxc6 21.
d5 cxd5 22. cxd5 a6 23. Qd3 Qd6 24. Qc4 e4 25. Kg2 Bxc3 26. dxe6 Qxe6 27. Qxc3
Qxa2 28. Qe5 Ne6 29. Qxe4 Qxb2+ 30. Kg3 Kf7 31. Qd5 Qb5 32. Qe4 Ke7 33. Qh7+
Kd6 34. Qxh6 Qe5+ 35. Kf2 a5 36. Qh7 Qb2+ 37. Ke1 Qb3 38. Qe4 Qb4+ 39. Qxb4+
axb4 40. Kd2 c5 0-1

[Event "BL 2013-2014"]
[Site "Germany"]
[Date "2013.11.24"]
[Round "4.1"]
[White "Vachier-Lagrave, Maxime"]
[Black "Volokitin, Andrei"]
[Result "1-0"]
[ECO "D71"]
[WhiteElo "2742"]
[BlackElo "2682"]
[PlyCount "89"]
[EventDate "2013.??.??"]
[EventCountry "GER"]
[WhiteTeam "SV Mülheim-Nord"]
[BlackTeam "SF Katernberg"]
[TimeControl "40/6000+30:20/3000+30:900+30"]

1. d4 Nf6 2. c4 g6 3. g3 c6 4. Bg2 d5 5. Qa4 Nfd7 6. Qc2 dxc4 7. Qxc4 Nb6 8.
Qd3 Na6 9. Nf3 Bg7 10. O-O O-O 11. Rd1 c5 12. Nc3 Bf5 13. e4 cxd4 14. exf5 dxc3
15. Qe2 Qc8 16. fxg6 hxg6 17. bxc3 Na4 18. Bd2 Nxc3 19. Bxc3 Qxc3 20. Rab1 Qc7
21. Ng5 Nc5 22. Rdc1 Rab8 23. Bd5 b6 24. Qg4 e6 25. Bxe6 Bf6 26. Nxf7 Kg7 27.
h4 Rxf7 28. h5 Rbf8 29. Qxg6+ Kh8 30. Qh6+ Kg8 31. Qxf6 Nxe6 32. Qg6+ Rg7 33.
Qxe6+ Qf7 34. Rc6 Rg5 35. Rd1 Rxh5 36. Rd7 Qxe6 37. Rxe6 Ra5 38. Ree7 Ra8 39.
Rg7+ Kh8 40. Rh7+ Kg8 41. Rdg7+ Kf8 42. Rg4 Re8 43. Rh8+ Kf7 44. Rf4+ Ke7 45.
Re4+ 1-0

[Event "BL 2013-2014"]
[Site "Germany"]
[Date "2013.11.24"]
[Round "4.5"]
[White "Wagner, Dennis"]
[Black "Murdzia, Piotr"]
[Result "1-0"]
[ECO "E14"]
[WhiteElo "2460"]
[BlackElo "2444"]
[PlyCount "109"]
[EventDate "2013.??.??"]
[EventCountry "GER"]
[WhiteTeam "SV 1930 Hockenheim"]
[BlackTeam "SV Griesheim"]
[TimeControl "40/6000+30:20/3000+30:900+30"]

1. d4 Nf6 2. c4 e6 3. Nf3 Bb4+ 4. Nbd2 O-O 5. a3 Bxd2+ 6. Qxd2 b6 7. e3 Bb7 8.
Be2 d6 9. b4 Nbd7 10. Bb2 Qe7 11. O-O Ne4 12. Qc2 f5 13. d5 c5 14. dxc6 Bxc6
15. Nd4 Bb7 16. f3 Nef6 17. Rfd1 Rfd8 18. Rac1 a6 19. Nb3 Bc6 20. Nd4 Bb7 21.
Qd2 Ne8 22. Bd3 g6 23. Bb1 e5 24. Ne2 Ndf6 25. Ba2 Kf8 26. Nc3 Rac8 27. Qf2 Kg7
28. h3 Bc6 29. f4 Nc7 30. c5 bxc5 31. bxc5 dxc5 32. fxe5 Nfd5 33. e4 Nxc3 34.
Bxc3 Ne6 35. exf5 gxf5 36. Qxf5 Nd4 37. Bxd4 cxd4 38. e6 Qf6 39. Qg4+ Kh8 40.
Rf1 Qh6 41. Rce1 Bxg2 42. e7 Bxf1 43. exd8=Q+ Rxd8 44. Rxf1 Qe3+ 45. Kh1 Qxa3
46. Qh4 Qd6 47. Bb1 Rd7 48. Rc1 Qf8 49. Qe4 Rg7 50. Bd3 Qd8 51. Qe6 Qg8 52. Qe5
Qf8 53. Bf5 Qa8+ 54. Be4 Qf8 55. Bb7 1-0

[Event "BL 2013-2014"]
[Site "Germany"]
[Date "2013.11.24"]
[Round "4.6"]
[White "Walter, Stefan"]
[Black "Paehtz, Elisabeth"]
[Result "1/2-1/2"]
[ECO "D12"]
[WhiteElo "2352"]
[BlackElo "2449"]
[PlyCount "47"]
[EventDate "2013.??.??"]
[EventCountry "GER"]
[WhiteTeam "SV Griesheim"]
[BlackTeam "SV 1930 Hockenheim"]
[TimeControl "40/6000+30:20/3000+30:900+30"]

1. d4 d5 2. c4 c6 3. Nf3 Nf6 4. e3 Bf5 5. Nc3 e6 6. Nh4 Be4 7. f3 Bg6 8. Qb3
Qc7 9. Bd2 Be7 10. g3 Nbd7 11. Rc1 Rc8 12. cxd5 exd5 13. Kf2 O-O 14. Nxg6 hxg6
15. Be2 Nb6 16. Rhd1 Qd7 17. Kg2 Rcd8 18. Be1 g5 19. h3 Rfe8 20. Bf2 Bd6 21.
Bd3 Nh5 22. Ne2 Nf6 23. Nc3 Nh5 24. Ne2 1/2-1/2

[Event "BL 2013-2014"]
[Site "Germany"]
[Date "2013.11.24"]
[Round "4.7"]
[White "Wegerle, Joerg"]
[Black "Fedorovsky, Michael"]
[Result "1/2-1/2"]
[ECO "E05"]
[WhiteElo "2429"]
[BlackElo "2382"]
[PlyCount "77"]
[EventDate "2013.??.??"]
[EventCountry "GER"]
[WhiteTeam "SG Solingen"]
[BlackTeam "Bayern München"]
[TimeControl "40/6000+30:20/3000+30:900+30"]

1. Nf3 d5 2. c4 e6 3. g3 Nf6 4. Bg2 Be7 5. O-O O-O 6. d4 dxc4 7. Qc2 b5 8. a4
b4 9. Nbd2 Bb7 10. Rd1 c5 11. Nxc4 Be4 12. Qb3 Nbd7 13. Be3 Qc8 14. Nfe5 Bxg2
15. Kxg2 Qb7+ 16. Kg1 cxd4 17. Bxd4 Nxe5 18. Bxe5 Qe4 19. Bxf6 Bxf6 20. e3 h5
21. Nd6 Qf3 22. Rd2 Rab8 23. Qd1 Qg4 24. Qxg4 hxg4 25. Rad1 b3 26. Ne4 Rfc8 27.
Nxf6+ gxf6 28. Rd4 f5 29. Kf1 Rc2 30. Rd8+ Rxd8 31. Rxd8+ Kg7 32. Rd7 a5 33.
Ra7 Rxb2 34. Rxa5 Ra2 35. Rb5 b2 36. Kg2 Rxa4 37. Rxb2 Kg6 38. h4 gxh3+ 39.
Kxh3 1/2-1/2

[Event "BL 2013-2014"]
[Site "Germany"]
[Date "2013.11.24"]
[Round "4.6"]
[White "Zajogin, Alexander"]
[Black "Hoffmann, Michael"]
[Result "0-1"]
[ECO "E46"]
[WhiteElo "2390"]
[BlackElo "2466"]
[PlyCount "74"]
[EventDate "2013.??.??"]
[EventCountry "GER"]
[WhiteTeam "Bayern München"]
[BlackTeam "SG Solingen"]
[TimeControl "40/6000+30:20/3000+30:900+30"]

1. d4 Nf6 2. c4 e6 3. Nc3 Bb4 4. e3 O-O 5. Nge2 c6 6. a3 Ba5 7. b4 Bc7 8. Ng3
d5 9. Bb2 Nbd7 10. cxd5 exd5 11. Be2 Re8 12. Qc2 Nf8 13. b5 g6 14. O-O h5 15.
Rfc1 h4 16. Nf1 Bf5 17. Bd3 Bxd3 18. Qxd3 Qd7 19. bxc6 bxc6 20. f3 Ne6 21. Na4
h3 22. g3 Ng5 23. Nd2 Re7 24. Nc5 Qe8 25. Re1 Rb8 26. Bc3 Bd6 27. Bb4 Rb5 28.
Qc3 a5 29. Bxa5 Rxc5 30. dxc5 Be5 31. Qb4 Bxa1 32. Rxa1 Rxe3 33. Rf1 Re2 34. g4
Qe5 35. f4 Qe3+ 36. Kh1 Rxh2+ 37. Kxh2 Qe2+ 0-1

[Event "BL 2013-2014"]
[Site "Germany"]
[Date "2013.11.24"]
[Round "4.6"]
[White "Zaragatski, Ilja"]
[Black "Feygin, Michael"]
[Result "1/2-1/2"]
[ECO "A07"]
[WhiteElo "2497"]
[BlackElo "2506"]
[PlyCount "88"]
[EventDate "2013.??.??"]
[EventCountry "GER"]
[WhiteTeam "SF Katernberg"]
[BlackTeam "SV Mülheim-Nord"]
[TimeControl "40/6000+30:20/3000+30:900+30"]

1. Nf3 d5 2. g3 Bg4 3. Bg2 Nd7 4. c4 e6 5. cxd5 exd5 6. O-O Ngf6 7. d3 Bc5 8.
Nc3 O-O 9. Qb3 Nb6 10. e4 Re8 11. Bf4 c6 12. Rac1 Bf8 13. Rfe1 d4 14. Ne2 c5
15. a4 h6 16. a5 Be6 17. Qd1 Nbd7 18. b4 b6 19. Bd2 cxb4 20. Nexd4 bxa5 21.
Nxe6 fxe6 22. d4 Nb6 23. Bh3 Rc8 24. Rxc8 Nxc8 25. Qb3 Qb6 26. Ne5 a4 27. Qxa4
Qxd4 28. Nf3 Qd3 29. Kg2 e5 30. Rc1 Nd6 31. Bxb4 Qxe4 32. Qa2+ Nf7 33. Bxf8
Kxf8 34. Re1 Qb7 35. Rb1 Qa8 36. Qa3+ Kg8 37. Kg1 e4 38. Nh4 Ne5 39. Qb3+ Qd5
40. Qxd5+ Nxd5 41. Nf5 Nf3+ 42. Kg2 Ng5 43. Bg4 Nf6 44. Be2 Re5 1/2-1/2

[Event "BL 2013-2014"]
[Site "Germany"]
[Date "2013.11.24"]
[Round "4.8"]
[White "Zumsande, Martin"]
[Black "Thiel, Thomas"]
[Result "1-0"]
[ECO "B22"]
[WhiteElo "2431"]
[BlackElo "2302"]
[PlyCount "79"]
[EventDate "2013.??.??"]
[EventCountry "GER"]
[WhiteTeam "SK Turm Emsdetten"]
[BlackTeam "SV Wattenscheid 1930"]
[TimeControl "40/6000+30:20/3000+30:900+30"]

1. e4 c5 2. c3 d5 3. exd5 Qxd5 4. d4 Nc6 5. Nf3 Bg4 6. Be2 e6 7. O-O Nf6 8. h3
Bh5 9. Be3 cxd4 10. cxd4 Be7 11. Nc3 Qd6 12. Qb3 O-O 13. Rfd1 Rfd8 14. a3 a6
15. Rac1 b5 16. Qa2 Rac8 17. b4 Qb8 18. d5 exd5 19. Nxd5 Nxd5 20. Rxd5 Bxf3 21.
Bxf3 Ne5 22. Rxd8+ Rxd8 23. Bd5 Rc8 24. Qe2 Bf6 25. Bc5 Qc7 26. Re1 Qd7 27. Rd1
Qc7 28. a4 Ng6 29. g3 Be7 30. Bxe7 Qxe7 31. Qxe7 Nxe7 32. Bb7 Rb8 33. a5 Kf8
34. Bxa6 Nc6 35. Rd7 Nxb4 36. Bb7 Ke8 37. Rc7 g5 38. a6 Nxa6 39. Bxa6 Rb6 40.
Bb7 1-0